 Dungeon Crawl Stone Soup version 0.30-a0-358-g0d69a1922f (webtiles) character file.

Game seed: 6939671720416705443

14434 serber55 the Frost Mage (level 11, -8/87 HPs)
             Began as a Demonspawn Ice Elementalist on Nov 8, 2022.
             Was a Priest of Vehumet.
             Mangled by Degu's ghost (13 damage)
             ... on level 1 of the Orcish Mines.
             The game lasted 01:07:21 (11774 turns).

serber55 the Frost Mage (DsIE)                     Turns: 11774, Time: 01:07:22

Health: -8/87      AC: 25    Str:  8    XL:     11   Next: 88%
Magic:  21/21      EV: 15    Int: 22    God:    Vehumet [***...]
Gold:   600        SH:  0    Dex: 13    Spells: 12/26 levels left

rFire   + . .      SeeInvis .    K - +3 glaive (vorpal)
rCold   . . .      Faith    .    (shield currently unavailable)
rNeg    . . .      Spirit   .    t - +3 steam dragon scales
rPois   .          Reflect  .    (helmet restricted)
rElec   .          Harm     .    H - +2 cloak
rCorr   .          Rampage  .    (no gloves)
Will    +....                    F - +0 pair of boots
Stlth   ++........               j - amulet of magic regeneration
HPRegen 0.34/turn                e - ring of willpower
MPRegen 0.57/turn                w - +4 ring of protection

@: sanguine armoured, hasted, very quick
A: horns 1, sanguine armour 2, demonic magic 3, fire resistance 1, low MP 1
a: Renounce Religion


You were on level 1 of the Orcish Mines.
You worshipped Vehumet.
Vehumet was most pleased with you.
You visited 3 branches of the dungeon, and saw 12 of its levels.
You also visited: Sewer.

You collected 896 gold pieces.
You spent 296 gold pieces at shops.

Inventory:

Hand Weapons
 k - a +0 spear
 D - a +0 vampiric dagger
 K - a +3 vorpal glaive (weapon)
Missiles
 a - 2 atropa-tipped darts
 o - 20 poisoned darts (quivered)
 G - 6 curare-tipped darts
Armour
 g - a scarf of invisibility
 t - +3 steam dragon scales (worn)
 F - a +0 pair of boots (worn)
 H - a +2 cloak (worn)
Magical Staves
 q - a staff of conjuration
Jewellery
 e - a ring of willpower (left hand)
 i - a ring of poison resistance
 j - an amulet of magic regeneration (around neck)
 w - a +4 ring of protection (right hand)
 L - a +6 ring of dexterity
 O - a +6 ring of strength
Wands
 f - a wand of digging (13)
 h - a wand of flame (10)
 M - a wand of iceblast (2)
Scrolls
 d - 3 scrolls of fear
 r - 2 scrolls of teleportation
 s - a scroll of identify
 v - a scroll of silence
 y - a scroll of fog
 A - a scroll of summoning
 C - a scroll of amnesia
 E - a scroll of blinking
 I - a scroll of immolation
Potions
 b - a potion of magic
 c - a potion of attraction
 l - 3 potions of brilliance
 m - 5 potions of heal wounds
 n - a potion of flight
 p - 3 potions of lignification
 u - a potion of haste
 x - 3 potions of curing
 z - a potion of cancellation
 B - a potion of might
 J - a potion of mutation
 N - a potion of invisibility


   Skills:
 + Level 8.7 Fighting
 + Level 8.0 Dodging
 - Level 2.0 Stealth
 + Level 8.3 Spellcasting
 * Level 12.0 Ice Magic


You had 12 spell levels left.
You knew the following spells:

 Your Spells              Type           Power      Damage    Failure   Level
a - Freeze                Ice            100%       1d10      1%          1
b - Frozen Ramparts       Ice            100%       1d16      1%          3
c - Ozocubu's Armour      Ice            58%        N/A       1%          3
d - Hailstorm             Conj/Ice       35%        3d9       1%          3
e - Blink                 Tloc           18%        N/A       11%         2
f - Searing Ray           Conj           18%        2d5       3%          2

Your spell library contained the following spells:

 Spells                   Type           Power      Damage    Failure   Level
 Kindle Blastsparks       Fire/Tloc/Air  18%        2d11      6%          3
 Foxfire                  Conj/Fire      36%        2x1d5     1%          1
 Kiss of Death            Conj/Necr      36%        2d8       1%          1
 Sandblast                Erth           18%        2d7       1%          1
 Momentum Strike          Conj/Tloc      18%        3d8       3%          2
 Poisonous Vapours        Pois/Air       18%        N/A       3%          2
 Mephitic Cloud           Conj/Pois/Air  9%         N/A       6%          3
 Stone Arrow              Conj/Erth      18%        3d8       6%          3
 Summon Ice Beast         Ice/Summ       35%        N/A       6%          4
 Apportation              Tloc           18%        N/A       7%          1
 Necrotise                Necr           36%        1d5       7%          1
 Summon Small Mammal      Summ           36%        N/A       7%          1
 Cigotuvi's Dreadful Rot  Necr/Pois/Air  18%        N/A       11%         2
 Passwall                 Tmut/Erth      7%         N/A       11%         2
 Confusing Touch          Hex            9%         N/A       22%         3
 Lesser Beckoning         Tloc           18%        N/A       22%         3
 Tukima's Dance           Hex            9%         N/A       22%         3
 Fireball                 Conj/Fire      4%         3d4       43%         5
 Irradiate                Conj/Tmut      4%         3d13      43%         5
 Iskenderun's Battlesphe  Conj           9%         2d6       43%         5
 Yara's Violent Unravell  Hex/Tmut       4%         3d4       43%         5
 Animate Armour           Summ/Erth      18%        N/A       56%         4
 Dispel Undead            Necr           9%         3d8       56%         4
 Passage of Golubria      Tloc           9%         N/A       56%         4
 Starburst                Conj/Fire      4%         6d4       92%         6
 Death Channel            Necr           4%         N/A       100%        6
 Lehudib's Crystal Spear  Conj/Erth      4%         10d3      100%        8


Dungeon Overview and Level Annotations

Branches:
Dungeon (10/15)            Temple (1/1) D:7            Lair (0/5) D:10
    Orc (1/2) D:9           Sewer (visited)

Altars:
Ashenzari
Cheibriados
Dithmenos
Fedhas
Gozag
Hepliaklqana
Kikubaaqudgha
Makhleb
Nemelex Xobeh
Okawaru
Qazlal
Ru
Sif Muna
Trog
Uskayaw
Vehumet
Wu Jian
Xom
Yredelemnul

Shops:
D:3 [   D:5 :   D:6 *   D:10 =

Annotations:
Orc:1 Degu's ghost, journeyman DsBe; greasedhog's ghost, journeyman OgFi


Innate Abilities, Weirdness & Mutations

You have a pair of small horns on your head.
When seriously injured, your blood forms thick armour. (AC +9)
Spells you cast and wands you use may paralyse nearby enemies.
Your flesh is heat resistant. (rF+)
Your magical capacity is low. (-10% MP)


Message History

Your Ice Magic skill increases to level 12!
Okay, then.
You have 571 gold pieces.
You now have 600 gold pieces (gained 29).
There is a shaft here.
You see here a +0 short sword.
Things that are here:
a +0 giant club; a +0 giant club
Things that are here:
a +0 flail; a +0 scale mail
Things that are here:
a +0 dagger; a +0 robe
Items here: ( ))) [[.
Items here: ))) [[[.
You see here a +0 club.
Things that are here:
a +0 dagger; a +0 robe
Items here: )))) [[.
Things that are here:
a +0 dagger; a +1 robe of fire resistance Greasedhog's ghost turns its malevolent gaze towards you.
Greasedhog's ghost wails.
Press: ? - help, v - describe, . - travel
Here: Degu's ghost, wielding a weapon of flaming (wandering, hasn't noticed you, fire blocked by a translucent stone wall)
The floor.
Degu's ghost turns its malevolent gaze towards you.
You open the gate.
Degu's ghost whispers, "Death is liberation."
Greasedhog's ghost attacks as you move away!
Greasedhog's ghost hits you!!
Degu's ghost says, "My insurmountable tactics guarantee your defeat."
Greasedhog's ghost attacks as you move away!
Greasedhog's ghost hits you!!
Your blood congeals into armour.
You feel yourself speed up. Greasedhog's ghost hits you!!
* * * LOW HITPOINT WARNING * * *
Unknown command.
Really walk into that dispersal trap?
You enter a dispersal trap!
Greasedhog's ghost blinks!
Degu's ghost blinks!
You blink.
Degu's ghost hits you!
You die...

##....###.#.##
#...###.....#### #####
##....##.......## ##.#.###
##......##.......#
#......####...#..#.#.......#
##.#..§.#.##..........#.....
###.......#.....#..........
###.......W......#.......#.
###.#...§§#.@..............#.
##............................
#.......#.....................
##..##.##....#................
#######......................
##.....W...............
##....................
##............))))...
#...................


You could see Degu's ghost and greasedhog's ghost.

Vanquished Creatures
  An orc warlord (Orc:1)
  A boulder beetle (D:9)
  3 two-headed ogres
  A centaur warrior (D:9)
  A tengu warrior (D:9)
  2 orc sorcerers (Orc:1)
  A cyclops (D:8)
  A yaktaur (shapeshifter) (D:10)
  A kobold demonologist (D:10)
  5 trolls
  Grinder (Sewer)
  A dream sheep (shapeshifter) (D:9)
  3 shadows
  4 yaks (D:9)
  A wyvern (D:9)
  2 steam dragons
  6 wargs
  2 water moccasins
  11 orc warriors
  A black bear (D:8)
  3 sky beasts
  5 ogres
  3 centaurs
  A phantom (D:6)
  3 kobold brigands
  3 bullfrogs
  3 necrophages
  2 scorpions
  9 killer bees
  6 howler monkeys
  2 quasits (Sewer)
  2 hounds
  2 jellies
  11 orc priests
  Jessica (D:2)
  16 orc wizards
  3 adders (D:4)
  6 gnolls
  5 shadow imps
  A white imp (D:5)
  2 ufetubi
  3 worms
  5 dart slugs
  48 orcs
  6 bats
  2 bat zombies (Sewer)
  5 endoplasms
  3 giant cockroaches
  9 goblins
  13 hobgoblins
  5 jackals
  23 kobolds
  4 quokkas
  11 ball pythons
  3 frilled lizards (D:2)
  6 rats
284 creatures vanquished.

Notes
Turn   | Place    | Note
-------+----------+-------------------------------------------
     0 | D:1      | serber55 the Demonspawn Ice Elementalist began the quest
                  | for the Orb.
     0 | D:1      | Reached XP level 1. HP: 13/13 MP: 3/3
    53 | D:1      | Noticed a shining eye
    55 | D:1      | Found a faded altar of an unknown god.
    94 | D:1      | Noticed a shining eye
    99 | D:1      | Noticed a floating eye
   105 | D:1      | Noticed an eye of devastation
   196 | D:1      | Gained mutation: You have a pair of small horns on your
                  | head. [demonic ancestry]
   196 | D:1      | Reached XP level 2. HP: 19/19 MP: 3/5
   562 | D:1      | Reached skill level 4 in Ice Magic
   673 | D:1      | Reached XP level 3. HP: 21/25 MP: 6/6
   854 | D:1      | Learned a level 3 spell: Frozen Ramparts
  1144 | D:2      | Noticed Jessica
  1160 | D:1      | Reached skill level 1 in Fighting
  1473 | D:2      | Killed Jessica
  1474 | D:2      | Gained mutation: Spells you cast may paralyse adjacent
                  | enemies. [demonic ancestry]
  1474 | D:2      | Reached XP level 4. HP: 32/32 MP: 2/8
  1680 | D:2      | Reached XP level 5. HP: 26/38 MP: 1/9
  1891 | D:2      | Learned a level 3 spell: Ozocubu's Armour
  2230 | D:3      | Found Rizegy's Antique Armour Emporium.
  2932 | D:3      | Found a faded altar of an unknown god.
  2959 | D:3      | Found an ornate altar of the Wu Jian Council.
  3022 | D:4      | Found a shimmering altar of Xom.
  3066 | D:4      | Found a glowing drain.
  3124 | Sewer    | Entered a sewer
  3349 | Sewer    | Found a burning altar of Makhleb.
  3355 | Sewer    | Reached skill level 5 in Ice Magic
  3452 | Sewer    | Noticed Grinder
  3497 | Sewer    | Gained mutation: When seriously injured, your blood forms
                  | armour. (AC +9) [demonic ancestry]
  3497 | Sewer    | Reached XP level 6. HP: 46/46 MP: 0/11
  3764 | Sewer    | Killed Grinder
  3765 | Sewer    | Reached XP level 7. HP: 47/52 MP: 0/12
  3785 | Sewer    | Gained mutation: Your magical capacity is low. (-10% MP)
                  | [potion of mutation]
  3785 | Sewer    | Gained mutation: You are agile. (Dex +4, Str/Int -1)
                  | [potion of mutation]
  3785 | Sewer    | Gained mutation: You possess an exceptional clarity of
                  | mind. [potion of mutation]
  3785 | Sewer    | Gained mutation: Your system is resistant to poisons.
                  | (rPois) [potion of mutation]
  3956 | D:4      | Found a snail-covered altar of Cheibriados.
  4171 | D:4      | Found an opulent altar of Gozag.
  4345 | D:4      | Reached skill level 6 in Ice Magic
  4753 | D:5      | Entered Level 5 of the Dungeon
  4851 | D:5      | Got the Essays on the Combative Snowflakes
  4967 | D:5      | Learned a level 3 spell: Hailstorm
  5166 | D:5      | Gained mutation: When seriously injured, your blood forms
                  | thick armour. (AC +9) [demonic ancestry]
  5166 | D:5      | Reached XP level 8. HP: 55/60 MP: 13/13
  5211 | D:5      | Found Feynnil's Book Emporium.
  5217 | D:5      | Bought a book of Spatial Translocations for 240 gold pieces
  5220 | D:5      | Learned a level 2 spell: Blink
  5572 | D:6      | Found Jopneoc's General Store.
  5591 | D:6      | Lost mutation: You possess an exceptional clarity of mind.
                  | [potion of mutation]
  5591 | D:6      | Lost mutation: You are agile. (Dex +4, Str/Int -1) [potion
                  | of mutation]
  5591 | D:6      | Lost mutation: Your system is resistant to poisons. (rPois)
                  | [potion of mutation]
  5591 | D:6      | Gained mutation: Your flesh is heat resistant. (rF+)
                  | [potion of mutation]
  5592 | D:6      | Bought a scroll of amnesia for 56 gold pieces
  5869 | D:6      | Reached skill level 7 in Ice Magic
  6410 | D:7      | Found a radiant altar of Vehumet.
  6445 | D:7      | Became a worshipper of Vehumet
  6522 | D:7      | Reached skill level 5 in Spellcasting
  6528 | D:7      | Reached skill level 5 in Fighting
  6615 | D:7      | Found a staircase to the Ecumenical Temple.
  6624 | Temple   | Entered the Ecumenical Temple
  7172 | D:8      | Reached XP level 9. HP: 63/68 MP: 12/15
  7194 | D:8      | Found a shimmering blue altar of Sif Muna.
  7196 | D:8      | Found a sparkling altar of Nemelex Xobeh.
  7289 | D:8      | Reached skill level 8 in Ice Magic
  7468 | D:8      | Noticed a cyclops
  7490 | D:8      | Killed a cyclops
  7491 | D:8      | Reached skill level 5 in Dodging
  8364 | D:8      | Reached skill level 9 in Ice Magic
  8464 | D:8      | Reached * piety under Vehumet
  8464 | D:8      | Offered knowledge of Magic Dart by Vehumet.
  8553 | D:9      | Found a broken altar of Ashenzari.
  8596 | D:9      | Noticed a troll
  8611 | D:9      | Killed a troll
  8612 | D:9      | Gained mutation: Spells you cast may paralyse nearby
                  | enemies. [demonic ancestry]
  8612 | D:9      | Reached XP level 10. HP: 77/77 MP: 10/17
  8612 | D:9      | Noticed a centaur warrior
  8615 | D:9      | Noticed a two-headed ogre
  8616 | D:9      | Noticed a two-headed ogre
  8617 | D:9      | Killed a centaur warrior
  8617 | D:9      | Noticed a cane toad
  8619 | D:9      | Noticed a boulder beetle
  8623 | D:9      | Found a bloodstained altar of Trog.
  8758 | D:9      | Killed a boulder beetle
  8759 | D:9      | Reached skill level 10 in Ice Magic
  8905 | D:9      | Killed a two-headed ogre
  8935 | D:9      | Noticed a mana viper
  9014 | D:9      | Offered knowledge of Scorch by Vehumet.
  9015 | D:9      | Reached ** piety under Vehumet
  9138 | D:9      | Found a staircase to the Orcish Mines.
  9158 | D:9      | Noticed a tengu warrior
  9166 | D:9      | Killed a tengu warrior
  9260 | D:9      | Killed a two-headed ogre
  9261 | D:9      | Gained mutation: Spells you cast and wands you use may
                  | paralyse nearby enemies. [demonic ancestry]
  9261 | D:9      | Reached XP level 11. HP: 62/85 MP: 10/19
  9491 | D:10     | Entered Level 10 of the Dungeon
  9517 | D:10     | Found a staircase to the Lair.
  9646 | D:10     | Reached skill level 11 in Ice Magic
 10160 | D:10     | Found Beaxkan's One-of-a-Kind Rings.
 10366 | Orc:1    | Entered Level 1 of the Orcish Mines
 10426 | Orc:1    | Noticed a two-headed ogre
 10441 | Orc:1    | Offered knowledge of Searing Ray by Vehumet.
 10444 | Orc:1    | Killed a two-headed ogre
 10448 | Orc:1    | Learned a level 2 spell: Searing Ray
 10653 | Orc:1    | Noticed an orc sorcerer
 10673 | Orc:1    | Killed an orc sorcerer
 10828 | Orc:1    | Reached *** piety under Vehumet
 10838 | Orc:1    | Noticed an orc sorcerer
 10870 | Orc:1    | Killed an orc sorcerer
 10998 | Orc:1    | Found a runed translucent gate.
 10998 | Orc:1    | Found a runed translucent gate.
 10998 | Orc:1    | Found a runed translucent gate.
 10999 | Orc:1    | Noticed greasedhog's ghost (journeyman OgFi)
 11000 | Orc:1    | Noticed Degu's ghost (journeyman DsBe)
 11193 | Orc:1    | Noticed an orc warlord
 11365 | Orc:1    | Killed an orc warlord
 11513 | Orc:1    | Offered knowledge of Kindle Blastsparks by Vehumet.
 11514 | Orc:1    | Reached skill level 12 in Ice Magic
 11770 | Orc:1    | HP: 4/87 [greasedhog's ghost (35)]
 11774 | Orc:1    | Mangled by Degu's ghost

Illustrated notes

Levels and vault maps discovered:
D:1:      shiori_arrival_maze, layout_loops_ring,
          hellmonk_ecumenical_altar_watching_god,
          chequers_serial_rivers_micro_d, minmay_fountain_box
D:2:      layout_rooms, uniq_jessica
D:3:      layout_loops_ring, nicolae_overflow_ecumenical_swirl, serial_shops,
          shop, minmay_misc_feat_room
D:4:      layout_basic, old_standard_altar, amcnicky_altar_gilded,
          mainiacjoe_overflow_six_doors_small, cheibrodos_sewer_entry_sluice
D:5:      layout_basic, serial_shops, kennysheep_little_box, minivault_11
D:6:      layout_cave_pools, serial_shops, nicolae_shop_statue_plus
D:7:      layout_cave_pools, mainiacjoe_overflow_brackets,
          minmay_temple_entry_drinking_statues
D:8:      minmay_opposing_rooms, layout_basic, minitemple, enter_bailey_3
D:9:      layout_irregular_city, lemuel_round_altar, lemuel_tele_altar,
          minmay_radiant
D:10:     minmay_inner_zag, layout_loops_ring, erik_lair_orcish_takeover,
          nicolae_shop_unique_rings
Temple:   nicolae_temple_slightly_damp_pantheon
Orc:1:    layout_caves, gammafunk_ghost_cemetery, statue_in_the_mist_lemuel

Skill      XL: |  1  2  3  4  5  6  7  8  9 10 11 |
---------------+----------------------------------+-----
Dodging        | 2 3 4 5 7 8 |  8.0
Stealth        | 2 |  2.0
Ice Magic      | 4 5 6 7 9 10 12 | 12.0
Fighting       | 1 2 3 4 5 6 7 8 |  8.7
Spellcasting   | 3 4 5 6 7 8 |  8.3

Action                   |  1- 3 |  4- 6 |  7- 9 | 10-12 || total
-------------------------+-------+-------+-------+-------++-------
Melee: Unarmed           |    12 |       |       |       ||    12
       Punch             |     1 |     3 |     2 |       ||     6
       Spear             |    26 |   165 |    98 |       ||   289
       Headbutt          |     4 |    33 |    54 |    21 ||   112
       Club              |     1 |       |       |       ||     1
       Dagger            |       |       |   132 |     8 ||   140
       Glaive            |       |       |       |    81 ||    81
Throw: Dart              |     3 |     7 |    16 |    13 ||    39
 Cast: Freeze            |    31 |    26 |    35 |    20 ||   112
       Frozen Ramparts   |     5 |    18 |    52 |    25 ||   100
       Ozocubu's Armour  |       |     4 |    27 |    21 ||    52
       Hailstorm         |       |       |     7 |    85 ||    92
Evoke: Wand              |       |       |    23 |     5 ||    28
  Use: Potion            |     3 |     2 |     2 |     4 ||    11
       Scroll            |       |    10 |    12 |     4 ||    26
 Stab: Sleeping          |     6 |     6 |     3 |     2 ||    17
       Invisible         |     1 |       |       |       ||     1
       Paralysed         |       |    30 |    19 |    16 ||    65
Armor: Robe              |     4 |     9 |       |       ||    13
       Steam dragon scal |       |    21 |   115 |    44 ||   180
Dodge: Dodged            |    36 |    89 |   129 |    77 ||   331

Table legend: (Time is in decaauts)
 A = Elapsed time spent in this place.
 B = Non-inter-level travel time spent in this place.
 C = Inter-level travel time spent in this place.
 D = Time resting spent in this place.
 E = Time spent auto-exploring this place.
 F = Levels seen in this place.
 G = Mean time per level.
                   A        B        C        D        E       F      G
               +--------+--------+--------+--------+--------+-----+--------+
         Total |  11861 |  11512 |    349 |   1786 |   6821 |  13 |  912.4 |
       Dungeon |   9429 |   9098 |    331 |   1141 |   5719 |  10 |  942.9 |
        Temple |    187 |    169 |     18 |      0 |    155 |   1 |  187.0 |
  Orcish Mines |   1422 |   1422 |      0 |    297 |    765 |   1 | 1422.0 |
         Sewer |    821 |    821 |      0 |    348 |    182 |   1 |  821.0 |
               +--------+--------+--------+--------+--------+-----+--------+

Top non-repeatable levels by time:
     D:8: 1560 daAuts
     D:1: 1461 daAuts
   Orc:1: 1422 daAuts
     D:4: 965 daAuts
     D:9: 940 daAuts
    D:10: 882 daAuts
     D:3: 845 daAuts
   Sewer: 821 daAuts
     D:5: 820 daAuts
     D:6: 713 daAuts
     D:2: 696 daAuts
     D:7: 544 daAuts
  Temple: 187 daAuts
